 Dungeon Crawl Stone Soup version 0.30-a0-939-gc8157cb160 (webtiles) character file.

Game seed: 15172896881430391046

103 DeathPants the Caller (level 4, -1/21 HPs)
             Began as a Vine Stalker Summoner on Mar 25, 2023.
             Slain by a water moccasin (5 damage)
             ... in a sewer.
             The game lasted 00:04:33 (1567 turns).

DeathPants the Caller (Vine Stalker Summoner)       Turns: 1567, Time: 00:04:34

Health: -1/21      AC:  2    Str: 10    XL:     4   Next: 79%
Magic:  0/10       EV: 12    Int: 15    God:
Gold:   34         SH:  0    Dex: 17    Spells: 4/10 levels left

rFire   . . .      SeeInvis .    c - +0 dagger (distort)
rCold   . . .      Faith    .    (no shield)
rNeg    . . .      Spirit   +    a - +0 robe
rPois   .          Reflect  .    (no helmet)
rElec   .          Rampage  .    (no cloak)
rCorr   .                        (no gloves)
Will    .....                    (no boots)
Stlth   ++                       (no amulet)
HPRegen 1.03/turn                (no ring)
MPRegen 0.12/turn                (no ring)

@: no status effects
A: fangs 2, regeneration 1, magic shield, antimagic bite, no potion heal 2
a: no special abilities


You were in a sewer.
You visited 1 branch of the dungeon, and saw 3 of its levels.
You also visited: Sewer.

You collected 34 gold pieces.

Inventory:

Hand Weapons
 c - a +0 dagger of distortion (weapon)
Missiles
 e - 10 poisoned darts
Armour
 a - a +0 robe (worn)
Scrolls
 d - a scroll of immolation {unknown}
 f - a scroll of identify {unknown}
 j - a scroll of teleportation {unknown}
Potions
 b - a potion of magic
 g - a potion of brilliance {unknown}
 h - a potion of curing
 i - a potion of invisibility {unknown}


   Skills:
 - Level 1.5 Dodging
 - Level 2.4 Stealth
 + Level 3.7 Spellcasting
 + Level 5.1 Summonings


You had 4 spell levels left.
You knew the following spells:

 Your Spells              Type           Power      Damage    Failure   Level
a - Summon Small Mammal   Summ           72%        N/A       2%          1
b - Call Imp              Summ           18%        N/A       3%          2
c - Call Canine Familiar  Summ           18%        N/A       7%          3

Your spell library contained the following spells:

 Spells                   Type           Power      Damage    Failure   Level
 Summon Guardian Golem    Hex/Summ       10%        N/A       19%         3
 Summon Lightning Spire   Summ/Air       10%        N/A       54%         4


Dungeon Overview and Level Annotations

Branches:
Dungeon (3/15)              Sewer (1/1)

Altars:


Innate Abilities, Weirdness & Mutations

You have extremely sharp teeth.
Your natural rate of healing is unusually fast.
When hurt, damage is shared between your health and your magic reserves.
Your bite disrupts and absorbs the magic of your enemies.
Potions cannot restore your health.


Message History

The bat hits you but does no damage. x2
You hit the bat. Your bite misses the bat.
The bat is severely wounded.
The bat blinks!
You hit the bat.
You kill the bat!
A bat comes into view.
Found a potion of haste.
Found a gate leading back out of this place.
You hit the bat.
Space warps around the bat.
You kill the bat!
A water moccasin comes into view.
The water moccasin hisses angrily.
Found 35 gold pieces.
You see here a potion of haste.
The water moccasin attacks as you move away!
The water moccasin bites you. x2
The water moccasin attacks as you move away!
The water moccasin closely misses you. The water moccasin bites you.
Casting: Call Imp (safe; 3% risk of failure)
Press: ? - help, Q - select action, (/) - cycle Dir - look around, f - activate A beastly little devil appears in a puff of flame.
The water moccasin bites you!
You swap places.
The water moccasin bites you.
* * * LOW HITPOINT WARNING * * *
You are lethally poisoned!
The water moccasin poisons you!
Your crimson imp misses the water moccasin.
* * * LOW HITPOINT WARNING * * *
You feel very sick. The water moccasin barely misses you.
Your crimson imp hits the water moccasin.
It was a potion of curing.
Your system rejects the healing.
You feel better. The water moccasin misses you.
Your crimson imp hits the water moccasin but does no damage.
You hit the water moccasin but do no damage.
Space warps around the water moccasin.
The water moccasin is moderately wounded.
The water moccasin bites you!
You die...

### #∩# #.# #.#
####### #.#
##.....## #.#
##...≈...## #.#
##...≈≈≈...#######.#
#∩∩.≈≈≈≈≈.......@S5#
##...≈≈≈...#######.#
##...≈...## #.#
##.....## #!#
####### #.# ...
..... .......
#.......#


You could see a water moccasin (ally target) and a friendly crimson imp
(summoned).

Vanquished Creatures
  An adder (D:3)
  2 gnolls (D:2)
  A worm (D:2)
  An orc (D:3)
  6 ball pythons
  An endoplasm (D:1)
  5 giant cockroaches
  6 goblins
  2 hobgoblins (D:1)
  2 jackals (D:1)
  2 kobolds (D:1)
  2 quokkas
  8 bats
  6 rats
45 creatures vanquished.

Vanquished Creatures (collateral kills)
  A gnoll (D:2)
  2 orcs (D:3)
  2 bats (D:1)
  A hobgoblin (D:1)
  2 jackals (D:1)
  A quokka (D:3)
  A kobold (D:3)
  A rat (D:1)
11 creatures vanquished.

Grand Total: 56 creatures vanquished

Notes
Turn   | Place    | Note
-------+----------+-------------------------------------------
     0 | D:1      | DeathPants the Vine Stalker Summoner began the quest for
                  | the Orb.
     0 | D:1      | Reached XP level 1. HP: 9/9 MP: 4/4
   126 | D:1      | Reached XP level 2. HP: 10/13 MP: 3/6
   129 | D:1      | Learned a level 2 spell: Call Imp
   381 | D:1      | Reached XP level 3. HP: 16/16 MP: 8/8
   402 | D:1      | Learned a level 3 spell: Call Canine Familiar
   560 | D:2      | Gained mutation: Your natural rate of healing is unusually
                  | fast. [Vine Stalker growth]
   560 | D:2      | Reached XP level 4. HP: 17/21 MP: 7/10
  1344 | D:3      | Reached skill level 5 in Summonings
  1522 | D:3      | Found a glowing drain.
  1526 | Sewer    | Entered a sewer
  1557 | Sewer    | Noticed a water moccasin
  1567 | Sewer    | Slain by a water moccasin

Illustrated notes

Levels and vault maps discovered:
D:1:      dpeg_arrival_short_road, layout_loops_corners, minmay_split_cup_large
D:2:      layout_basic, uniq_crazy_yiuf_cottage
D:3:      layout_basic, basic_ecumenical_altar, gup_sewer_entry_spiral
Sewer:    sewer_big_baddie

Skill      XL: |  1  2  3  4 |
---------------+-------------+-----
Spellcasting   | 3 |  3.7
Summonings     | 5 |  5.1
Dodging        | |  1.5
Stealth        | |  2.4

Action                     |  1- 3 |  4- 6 || total
---------------------------+-------+-------++-------
  Melee: Dagger            |    48 |    59 ||   107
         Bite              |     9 |     9 ||    18
   Cast: Call Imp          |     2 |     2 ||     4
    Use: Potion            |       |     1 ||     1
   Stab: Sleeping          |       |     4 ||     4
 Armour: Robe              |    22 |    14 ||    36
  Dodge: Dodged            |    44 |    27 ||    71

Table legend: (Time is in decaauts)
 A = Elapsed time spent in this place.
 B = Non-inter-level travel time spent in this place.
 C = Inter-level travel time spent in this place.
 D = Time resting spent in this place.
 E = Time spent auto-exploring this place.
 F = Levels seen in this place.
 G = Mean time per level.
                   A        B        C        D        E       F      G
               +--------+--------+--------+--------+--------+-----+--------+
         Total |   1587 |   1553 |     34 |      0 |   1094 |   4 |  396.8 |
       Dungeon |   1546 |   1512 |     34 |      0 |   1083 |   3 |  515.3 |
         Sewer |     40 |     40 |      0 |      0 |     11 |   1 |   40.0 |
               +--------+--------+--------+--------+--------+-----+--------+

Top non-repeatable levels by time:
     D:1: 1064 daAuts
     D:2: 267 daAuts
     D:3: 215 daAuts
   Sewer: 40 daAuts
